 Dungeon Crawl Stone Soup version 0.32-a0-656-g3542139ebd (webtiles) character file.

Game seed: 8461195755675786475

5448 jrder the Carver (level 10, -8/96 HPs)
             Began as a Troll Fighter on Mar 8, 2024.
             Was a Believer of Trog.
             Mangled by a killer bee (10 damage)
             ... on level 9 of the Dungeon.
             The game lasted 01:01:00 (7293 turns).

jrder the Carver (Troll Fighter)                    Turns: 7293, Time: 01:01:01

Health: -8/96      AC:  5    Str: 36    XL:     10   Next: 41%
Magic:  9/9        EV: 10    Int:  4    God:    Trog [**....]
Gold:   389        SH:  9    Dex:  9    Spells: 9/9 levels left

rFire   . . .        q - +2 long sword (elec)
rCold   . . .        c - +0 kite shield
rNeg    . . .        b - +0 robe
rPois   .            (helmet restricted)
rElec   .            s - +0 cloak
rCorr   .            (gloves unavailable)
SInv    .            (boots unavailable)
Will    .....        (no amulet)
Stlth   +            m - +4 ring of slaying
HPRegen 1.16/turn    C - +6 ring of strength
MPRegen 0.11/turn

%: no passive effects
@: lethally poisoned (-8 -> -8)
A: large, unfitting armour, claws 3, regeneration 1, shaggy fur 1, tough skin 1
a: Renounce Religion, Berserk, Trog's Hand


You were on level 9 of the Dungeon.
You worshipped Trog.
Trog was pleased with you.
You visited 2 branches of the dungeon, and saw 10 of its levels.
You also visited: Ossuary.

You collected 419 gold pieces.
You spent 30 gold pieces at shops.

Inventory:

Hand Weapons
 a - a +0 war axe
 q - a +2 long sword of electrocution (weapon)
 x - a +2 morningstar
Missiles
 o - 15 boomerangs
 A - 6 atropa-tipped darts
 D - 35 poisoned darts (quivered)
Armour
 b - a +0 robe (worn)
 c - a +0 kite shield (worn)
 s - a +0 cloak (worn)
Jewellery
 m - a +4 ring of slaying (left claw)
 z - a ring of poison resistance
 C - a +6 ring of strength (right claw)
Talismans
 F - a maw talisman
Wands
 l - a wand of flame (14)
 G - a wand of digging (6)
Scrolls
 g - 3 scrolls of identify
 h - a scroll of enchant armour {unknown}
 j - a scroll of brand weapon {unknown}
 p - 2 scrolls of fog
 t - a scroll of vulnerability {unknown}
 w - a scroll of enchant weapon {unknown}
 y - a scroll of revelation
 E - a scroll of amnesia
Potions
 d - 2 potions of attraction
 f - 3 potions of brilliance
 k - 4 potions of enlightenment
 u - 2 potions of curing
 v - 4 potions of haste
 B - a potion of mutation
 H - a potion of magic
 I - a potion of degeneration


   Skills:
 + Level 5.4 Fighting
 + Level 8.2 Long Blades
 + Level 3.5 Axes
 + Level 1.6 Throwing
 + Level 6.4 Dodging
 + Level 1.2 Stealth
 + Level 6.0 Shields
 + Level 1.0 Evocations


You had 9 spell levels left.
You didn't know any spells.
Your spell library contained the following spells:

 Spells                   Type           Power      Damage    Failure   Level
 Gell's Gravitas          Tloc           0%         N/A       95%         3
 Teleport Other           Tloc           0%         N/A       95%         3
 Dispersal                Tloc           0%         N/A       100%        6
 Sculpt Simulacrum        Ice/Alch       0%         N/A       100%        6
 Ozocubu's Refrigeration  Ice            0%         4d7       100%        7
 Polar Vortex             Ice            0%         N/A       100%        9


Dungeon Overview and Level Annotations

Branches:
Dungeon (9/15)             Temple (1/1) D:7             Orc (0/2) D:9
Ossuary (visited)
   Lair: D:8-11

Altars:
Cheibriados
Elyvilon
Fedhas
Hepliaklqana
Kikubaaqudgha
Makhleb
Nemelex Xobeh
Okawaru
Sif Muna
Trog
Vehumet
Wu Jian
Xom
Yredelemnul
The Shining One

Shops:
D:1 :[[!*   D:5 :


Innate Abilities, Weirdness & Mutations

You are too large for most types of armour.
You have claws for hands.
Your natural rate of healing is unusually fast.
You are covered in fur. (AC +1)
You have tough skin. (AC +1)


Message History

Unknown command.
You feel sick. You block the killer bee's attack. x2
The killer bee barely misses you.
You feel sick.
The killer bee attacks as it pursues you!
You block the killer bee's attack. The killer bee barely misses you.
The killer bee stings you.
You are more poisoned.
The killer bee poisons you!
The queen bee calls on the killer bee to defend it!
The killer bee goes berserk!
You feel sick. You block the killer bee's attack. x2
You feel sick. The killer bee closely misses you.
The killer bee rages.
You block the killer bee's attack. The killer bee barely misses you.
There is an open door here.
You feel sick. The killer bee stings you.
You are more poisoned.
The killer bee poisons you! You block the killer bee's attack.
You feel very sick.
The killer bee rages.
The killer bee closely misses you. The killer bee stings you.
* * * LOW HITPOINT WARNING * * *
The killer bee rages.
You feel very sick. The killer bee stings you!
* * * LOW HITPOINT WARNING * * *
You block the killer bee's attack. x2; The killer bee closely misses you.
There is a stone staircase leading up, spattered with blood here.
You feel sick.
The killer bee rages.
The killer bee stings you.
* * * LOW HITPOINT WARNING * * *
The killer bee stings you.
* * * LOW HITPOINT WARNING * * *
The killer bee stings you but does no damage.
You block the killer bee's attack. The killer bee stings you.
* * * LOW HITPOINT WARNING * * *
The killer bee closely misses you. The killer bee stings you!
You die...

#......#..######....)<)
#......+.## ##+#####
#......### #......#
###'#### #.<#### #####
##....# #...# #####y##
#...# #...@yy# #...# .
#....y.#######...##.#
#......yy..y##......#
#......####.yyy.....#
#......# ####....y.#
#......# #####+##
#......# ###+####


You could see 6 killer bees.

Vanquished Creatures
  Joseph (D:7)
  A hornet (D:8)
  Sigmund (D:5)
  6 yaks (D:8)
  2 wyverns (D:8)
  An ice beast (D:6)
  A black bear (D:6)
  3 sky beasts
  3 orc warriors
  3 ogres
  A centaur (D:8)
  A phantom (D:5)
  4 kobold brigands
  2 bullfrogs
  A gnoll sergeant (D:8)
  6 wights (Ossuary)
  A burial acolyte (Ossuary)
  3 killer bees (D:9)
  5 howler monkeys
  2 electric eels (D:7)
  A bombardier beetle (D:7)
  4 hounds
  2 jellies
  7 orc priests
  A gnoll bouda (D:8)
  5 iguanas
  A sleepcap (D:4)
  Natasha (thrice) (D:3 D:2)
  8 orc wizards
  A mummy (D:4)
  16 gnolls
  9 adders
  2 shadow imps
  A white imp (D:7)
  A dart slug (D:1)
  A ribbon worm (D:5)
  36 orcs
  5 bats
  3 endoplasms
  15 giant cockroaches
  8 goblins
  4 hobgoblins
  4 quokkas
  4 ball pythons
  A frilled lizard (D:1)
  3 hobgoblin skeletons (Ossuary)
  A hobgoblin zombie (D:4)
  18 kobolds
  2 kobold skeletons (Ossuary)
  A kobold zombie (D:4)
  2 orc skeletons (Ossuary)
  7 rats
225 creatures vanquished.

Notes
Turn   | Place    | Note
-------+----------+-------------------------------------------
     0 | D:1      | jrder the Troll Fighter began the quest for the Orb.
     0 | D:1      | Reached XP level 1. HP: 22/22 MP: 0/0
    68 | D:1      | Found Loveshauss's Antique Armour Emporium.
   112 | D:1      | Found Macrunta's Distillery.
   126 | D:1      | Found Koad's Assorted Antiques.
   199 | D:1      | Reached XP level 2. HP: 29/29 MP: 1/1
   216 | D:1      | Found Roxted's Book Boutique.
   439 | D:1      | Found Voshry's Armour Shop.
   619 | D:1      | Bought a potion of curing for 30 gold pieces
   684 | D:2      | Reached XP level 3. HP: 36/36 MP: 2/2
  1487 | D:3      | Reached XP level 4. HP: 44/44 MP: 3/3
  1564 | D:3      | Noticed Natasha
  1567 | D:3      | Killed Natasha
  1573 | D:3      | Noticed Natasha
  1579 | D:3      | Killed Natasha
  1595 | D:3      | Noticed Natasha
  1627 | D:2      | Killed Natasha
  1628 | D:2      | Reached XP level 5. HP: 23/52 MP: 4/4
  2168 | D:4      | Found a sand-covered staircase.
  2174 | D:4      | Reached skill level 1 in Long Blades
  2178 | Ossuary  | Entered an ossuary
  2232 | Ossuary  | Reached XP level 6. HP: 59/59 MP: 5/5
  2257 | Ossuary  | Reached skill level 2 in Long Blades
  2647 | Ossuary  | Reached XP level 7. HP: 67/67 MP: 6/6
  2736 | Ossuary  | Reached skill level 3 in Long Blades
  3111 | D:5      | Entered Level 5 of the Dungeon
  3250 | D:5      | Reached skill level 4 in Long Blades
  3502 | D:5      | Reached XP level 8. HP: 75/75 MP: 7/7
  3523 | D:5      | Found an ancient bone altar of Kikubaaqudgha.
  3527 | D:5      | Noticed Sigmund
  3534 | D:5      | Killed Sigmund
  3742 | D:5      | Found Fitoic's Book Boutique.
  4307 | D:6      | Reached skill level 5 in Long Blades
  4611 | D:6      | Noticed a kobold demonologist
  4725 | D:6      | Reached skill level 6 in Long Blades
  4725 | D:6      | Reached skill level 1 in Evocations
  4727 | D:6      | Reached XP level 9. HP: 84/84 MP: 8/8
  5010 | D:7      | Reached skill level 5 in Dodging
  5258 | D:7      | Noticed Joseph
  5283 | D:7      | Killed Joseph
  5284 | D:7      | Reached skill level 1 in Stealth
  5445 | D:7      | Reached skill level 5 in Shields
  5556 | D:7      | Found a staircase to the Ecumenical Temple.
  5655 | D:7      | Found a basalt altar of Yredelemnul.
  5719 | Temple   | Entered the Ecumenical Temple
  5818 | Temple   | Became a worshipper of Trog the Wrathful
  5848 | D:7      | Reached skill level 7 in Long Blades
  5858 | D:7      | Reached skill level 1 in Throwing
  6323 | D:8      | Reached skill level 5 in Fighting
  6354 | D:8      | Found a radiant altar of Vehumet.
  6402 | D:8      | Found a shimmering altar of Xom.
  6472 | D:8      | Reached * piety under Trog
  6473 | D:8      | Reached XP level 10. HP: 96/96 MP: 9/9
  6556 | D:8      | Found an iron altar of Okawaru.
  6711 | D:8      | Paralysed by a hornet for 1 turns
  6715 | D:8      | Paralysed by a hornet for 1 turns
  6725 | D:8      | Paralysed by a hornet for 1 turns
  6732 | D:8      | Paralysed by a hornet for 1 turns
  7019 | D:8      | Reached skill level 8 in Long Blades
  7131 | D:9      | Reached ** piety under Trog
  7168 | D:9      | Found a staircase to the Orcish Mines.
  7293 | D:9      | HP: 2/96 [killer bee (5)]
  7293 | D:9      | Mangled by a killer bee

Illustrated notes

Levels and vault maps discovered:
D:1:      amcnicky_arrival_wind_blow, layout_rooms, serial_shops,
          nicolae_shop_dealshenge, nicolae_shop_tiny_real_fake_doors,
          nicolae_shop_gibbet_a_chance, shop, nicolae_shop_peninsula
D:2:      layout_loops_ring
D:3:      minmay_roachtagon, layout_loops_ring, uniq_natasha
D:4:      layout_basic, nicolae_ossuary_entry_giza
D:5:      layout_basic, general_overflow_altar, serial_shops, shop,
          nicolae_nh_ransacked_shop, uniq_sigmund
D:6:      layout_gridville, lightli_corner_chamber
D:7:      layout_loops_ring, kennysheep_little_box, minmay_temple_entry_hall,
          serial_bayou_ford_a, uniq_joseph
D:8:      layout_rooms, okawaru_altar_gauntlet_db, fiery_altar_vehumet,
          nicolae_overflow_crystal_walls
D:9:      layout_roguey, lemuel_tele_altar, david_lair_shrubbed, erik_orc_4,
          special_room [special_room_bee], minivault_21, minmay_misc_feat_tiny,
          minmay_protected_statue
Temple:   hellmonk_temple_flake

Skill      XL: |  1  2  3  4  5  6  7  8  9 10 |
---------------+-------------------------------+-----
Axes           | 2 3 |  3.5
Shields        | 3 4 5 6 |  6.0
Dodging        | 3 4 5 6 |  6.4
Long Blades    | 1 2 4 6 7 8 |  8.2
Fighting       | 3 4 5 |  5.4
Evocations     | 1 |  1.0
Stealth        | 1 |  1.2
Throwing       | 1 |  1.6

Action                     |  1- 3 |  4- 6 |  7- 9 | 10-12 || total
---------------------------+-------+-------+-------+-------++-------
  Melee: War axe           |   122 |    34 |       |       ||   156
         Long sword        |       |    53 |   318 |   169 ||   540
  Throw: Boomerang         |       |     3 |    15 |     8 ||    26
         Dart              |       |       |       |     1 ||     1
 Invoke: Berserk           |       |       |       |     1 ||     1
  Evoke: Wand              |       |       |     6 |       ||     6
    Use: Potion            |       |     5 |     5 |     6 ||    16
         Scroll            |       |     2 |     3 |     7 ||    12
   Stab: Sleeping          |       |       |     1 |       ||     1
 Armour: Robe              |    70 |    85 |   192 |   158 ||   505
  Dodge: Dodged            |    54 |    43 |   105 |   109 ||   311
  Block: Kite shield       |    49 |    37 |   125 |   135 ||   346

Table legend: (Time is in decaauts)
 A = Elapsed time spent in this place.
 B = Non-inter-level travel time spent in this place.
 C = Inter-level travel time spent in this place.
 D = Time resting spent in this place.
 E = Time spent auto-exploring this place.
 F = Levels seen in this place.
 G = Mean time per level.
                   A        B        C        D        E       F      G
               +--------+--------+--------+--------+--------+-----+--------+
         Total |   7587 |   7405 |    182 |    928 |   4005 |  11 |  689.7 |
       Dungeon |   6861 |   6679 |    182 |    609 |   3824 |   9 |  762.3 |
        Temple |    109 |    109 |      0 |      0 |      0 |   1 |  109.0 |
       Ossuary |    616 |    616 |      0 |    319 |    181 |   1 |  616.0 |
               +--------+--------+--------+--------+--------+-----+--------+

Top non-repeatable levels by time:
     D:8: 1272 daAuts
     D:5: 1202 daAuts
     D:7: 941 daAuts
     D:3: 759 daAuts
     D:2: 712 daAuts
     D:1: 664 daAuts
 Ossuary: 616 daAuts
     D:6: 598 daAuts
     D:4: 509 daAuts
     D:9: 201 daAuts
  Temple: 109 daAuts
